 Dungeon Crawl Stone Soup version 0.29.1-14-g9c671dbff4 (webtiles) character file.

Game seed: 12702522934683795679

6425 raph the Frost Mage (level 10, -3/76 HPs)
             Began as a Merfolk Ice Elementalist on Feb 19, 2023.
             Was a Believer of Kikubaaqudgha.
             Slain by a polar bear (13 damage)
             ... on level 1 of the Lair of Beasts.
             The game lasted 00:18:14 (10359 turns).

raph the Frost Mage (Merfolk Ice Elementalist)     Turns: 10359, Time: 00:18:15

Health: -3/76      AC: 17    Str:  9    XL:     10   Next: 98%
Magic:  9/18       EV: 14    Int: 23    God:    Kikubaaqudgha [**....]
Gold:   532        SH:  5    Dex: 14    Spells: 5/20 levels left

rFire   . . .      SeeInvis +   t - +9 dagger of the Pits of Slime {protect, rElec Int+4 SInv}
rCold   + . .      Faith    .   u - +0 buckler
rNeg    + . .      Spirit   .   B - +2 leather armour {rC+}
rPois   .          Reflect  .   (no helmet)
rElec   +          Harm     .   g - +1 cloak
rCorr   .          Rampage  .   z - +2 pair of gloves
Will    .....                   (no boots)
Stlth   +++.......              (no amulet)
HPRegen 0.22/turn               p - ring of positive energy
MPRegen 0.16/turn               (no ring)

@: ice-armoured, freezing walls
A: (nimble swimmer 2), mertail
a: Renounce Religion, Unearth Wretches


You were on level 1 of the Lair of Beasts.
You worshipped Kikubaaqudgha.
Kikubaaqudgha was pleased with you.
You visited 3 branches of the dungeon, and saw 10 of its levels.
You also visited: Bailey.

You collected 653 gold pieces.
You spent 121 gold pieces at shops.

Inventory:

Hand Weapons
 e - a +1 spear of draining
 t - the +9 dagger of the Pits of Slime (weapon) {protect, rElec Int+4 SInv}
   (You found it on level 3 of the Dungeon)

   It grants its wielder temporary protection when it strikes (+7 to AC).
   Int:       It affects your intelligence (+4).
   rElec:     It insulates you from electricity.
   SInv:      It lets you see invisible.
 F - a +0 glaive of venom
Missiles
 w - 11 javelins
 y - a throwing net
 A - 6 curare-tipped darts
Armour
 a - a +0 robe
 f - a scarf of resistance
 g - a +1 cloak (worn)
 u - a +0 buckler (worn)
 z - a +2 pair of gloves (worn)
 B - a +2 leather armour of cold resistance (worn)
Jewellery
 d - a ring of ice
 p - a ring of positive energy (left hand)
Wands
 n - a wand of flame (16)
 G - a wand of charming (12)
Scrolls
 j - 2 scrolls of poison
 x - 3 scrolls of enchant armour
 D - 3 scrolls of summoning
 E - a scroll of blinking
 H - a scroll of teleportation
 K - a scroll of brand weapon
 L - 4 scrolls of enchant weapon
 M - a scroll of amnesia
Potions
 b - 2 potions of magic
 c - a potion of cancellation
 h - 2 potions of ambrosia {unknown}
 i - 5 potions of mutation
 k - 4 potions of attraction
 l - 3 potions of heal wounds
 m - 4 potions of flight
 o - a potion of lignification {unknown}
 q - 3 potions of curing
 r - 3 potions of haste
 s - 3 potions of resistance
 v - a potion of might {unknown}
 C - a potion of berserk rage {unknown}
 I - 2 potions of invisibility
 J - a potion of experience {unknown}


   Skills:
 + Level 6.2 Fighting
 - Level 0.8 Short Blades
 + Level 8.0 Dodging
 + Level 7.3 Stealth
 - Level 4.0 Shields
 + Level 5.5 Spellcasting
 + Level 3.1 Hexes
 * Level 3.2 Necromancy
 * Level 10.9 Ice Magic


You had 5 spell levels left.
You knew the following spells:

 Your Spells              Type           Power      Damage    Failure   Level
a - Freeze                Ice            100%       1d11      1%          1
b - Frozen Ramparts       Ice            100%       1d16      1%          3
c - Ozocubu's Armour      Ice            54%        N/A       1%          3
d - Hailstorm             Conj/Ice       31%        3d8       17%         4
e - Anguish               Hex/Necr       10%        N/A       41%         4

Your spell library contained the following spells:

 Spells                   Type           Power      Damage    Failure   Level
 Necrotise                Necr           84%        1d8       4%          1
 Sublimation of Blood     Necr           21%        N/A       7%          2
 Vampiric Draining        Necr           21%        2d7       13%         3
 Tukima's Dance           Hex            20%        N/A       14%         3
 Static Discharge         Conj/Air       6%         3-4/arc   26%         2
 Summon Guardian Golem    Hex/Summ       13%        N/A       26%         3
 Dispel Undead            Necr           21%        3d11      41%         4
 Passage of Golubria      Tloc           6%         N/A       86%         4
 Petrify                  Tmut/Erth      6%         N/A       86%         4
 Sticky Flame             Conj/Fire      6%         2d3       86%         4
 Yara's Violent Unravell  Hex/Tmut       6%         3d5       94%         5
 Irradiate                Conj/Tmut      3%         3d12      99%         5
 Orb of Destruction       Conj           3%         9d5       100%        7
 Spellforged Servitor     Conj/Summ      3%         N/A       100%        7


Dungeon Overview and Level Annotations

Branches:
Dungeon (8/15)             Temple (1/1) D:7            Lair (1/5) D:8
 Bailey (visited)

Altars:
Ashenzari
Cheibriados
Dithmenos
Elyvilon
Fedhas
Gozag
Hepliaklqana
Kikubaaqudgha
Makhleb
Nemelex Xobeh
Qazlal
Ru
Sif Muna
Trog
Uskayaw
Wu Jian
Xom
Yredelemnul
Zin
The Shining One

Shops:
D:3 [   D:7 [

Annotations:
D:7 7 runed translucent doors


Innate Abilities, Weirdness & Mutations

((You are very nimble when in or above water. (Stealth+, EV+, Speed+++)))
Your lower body shifts to a powerful aquatic tail in water.


Message History

Press: ? - help, Q - select action, (/) - cycle Shift-Dir - straight line, f/p - polar bear
Aim: a polar bear (severely wounded)
You freeze the polar bear.
The polar bear resists.
The polar bear is severely wounded.
The polar bear goes berserk!
Casting: Freeze (safe; 1% risk of failure)
Confirm with . or Enter, or press ? or * to list all spells.
Casting: Frozen Ramparts (safe; 1% risk of failure)
Press: ? - help, Dir - look around, f - activate The walls around you are covered in ice.
The polar bear completely resists.
The wall freezes the polar bear but does no damage.
The polar bear misses you. The polar bear completely misses you.
The polar bear claws you but does no damage.
The polar bear resists.
The wall freezes the polar bear.
The polar bear completely misses you. You block the polar bear's attack.
The polar bear claws you but does no damage.
You hit the polar bear but do no damage.
Your weapon exudes an aura of protection.
The polar bear is severely wounded.
The wall freezes the polar bear but does no damage.
You block the polar bear's attack.
The polar bear claws you but does no damage.
The polar bear barely misses you.
You barely miss the polar bear.
The polar bear is severely wounded.
The polar bear resists.
The wall freezes the polar bear.
The polar bear bites you.
* * * LOW HITPOINT WARNING * * *
The polar bear claws you but does no damage. x2
The polar bear resists.
The wall freezes the polar bear.
The polar bear bites you.
* * * LOW HITPOINT WARNING * * *
You block the polar bear's attack. x2
You barely miss the polar bear.
The polar bear is severely wounded.
The polar bear resists.
The wall freezes the polar bear.
The polar bear bites you!
You die...
Kikubaaqudgha rasps: "You have failed me!
Welcome... death!"

#....#..............
#....#.............#
#....#.............
.####....#.......... ...
.........###.#.##.##...#
...........†....<......#
).......................
........................
.##....#@..............
#.....##h...#........#
#......#.....#.##.....
#.....##.....#..#....# .
#..⌠............#.....
⌠. #........⌠...#... ..
.$.#.....#.....#...#.
...h..⌠...............
.............##....


You could see a polar bear (berserk).

Vanquished Creatures
  2 cane toads (Lair:1)
  A rime drake (Lair:1)
  3 hornets
  Eustachio (D:6)
  2 wyverns
  2 basilisks (Lair:1)
  2 water moccasins
  14 orc warriors
  A sky beast (D:7)
  2 ice beasts
  3 centaurs
  2 ogres (D:4)
  2 phantoms
  2 kobold brigands (D:7)
  3 bullfrogs
  A necrophage (D:5)
  A scorpion (D:5)
  15 wights
  2 howler monkeys (D:7)
  4 hounds
  2 jellies (D:7)
  3 orc priests
  A gnoll bouda (D:5)
  An iguana (D:6)
  3 orc wizards
  4 gnolls (D:5)
  3 adders
  A shadow imp (D:7)
  2 white imps
  2 ufetubi
  2 worms
  2 dart slugs
  54 orcs
  2 ball pythons
  4 endoplasms
  4 giant cockroaches
  14 goblins
  4 hobgoblins
  4 jackals (D:2)
  5 quokkas
  6 bats
  A frilled lizard (D:2)
  16 kobolds
  3 rats (D:1)
208 creatures vanquished.

Vanquished Creatures (others)
  2 fungi (Lair:1)
  3 plants (D:7)
5 creatures vanquished.

Grand Total: 213 creatures vanquished

Notes
Turn   | Place    | Note
-------+----------+-------------------------------------------
     0 | D:1      | raph the Merfolk Ice Elementalist began the quest for the
                  | Orb.
     0 | D:1      | Reached XP level 1. HP: 13/13 MP: 3/3
   230 | D:1      | Found a faded altar of an unknown god.
   304 | D:1      | Reached XP level 2. HP: 19/19 MP: 3/5
   338 | D:1      | Reached skill level 5 in Ice Magic
   604 | D:1      | Reached XP level 3. HP: 15/24 MP: 6/6
   608 | D:1      | Learned a level 3 spell: Frozen Ramparts
  1877 | D:3      | Identified the +9 dagger of the Pits of Slime {protect,
                  | rElec Int+4 SInv}
  1916 | D:3      | Reached skill level 6 in Ice Magic
  1916 | D:3      | Reached XP level 4. HP: 23/30 MP: 7/7
  2036 | D:3      | Learned a level 3 spell: Ozocubu's Armour
  2245 | D:3      | Found Ilubaly's Antique Armour Emporium.
  2253 | D:3      | Bought a pair of gloves for 121 gold pieces
  3007 | D:4      | Noticed an ogre
  3126 | D:4      | Killed an ogre
  3127 | D:4      | Reached skill level 1 in Fighting
  3127 | D:4      | Reached skill level 1 in Shields
  3127 | D:4      | Reached XP level 5. HP: 5/37 MP: 4/8
  3508 | D:4      | Noticed an ogre
  3512 | D:4      | Reached XP level 6. HP: 30/43 MP: 2/9
  3721 | D:4      | Noticed a water moccasin
  3727 | D:4      | Killed a water moccasin
  3728 | D:4      | Reached skill level 7 in Ice Magic
  3728 | D:4      | Reached XP level 7. HP: 50/50 MP: 3/11
  3842 | D:4      | Learned a level 4 spell: Hailstorm
  4013 | D:4      | Found a stormy altar of Qazlal.
  4136 | D:5      | Entered Level 5 of the Dungeon
  4337 | D:5      | Noticed a hornet
  4597 | D:5      | Killed a hornet
  4598 | D:5      | Reached XP level 8. HP: 58/58 MP: 5/13
  4917 | D:5      | Noticed a wyvern
  4928 | D:5      | Killed a wyvern
  4929 | D:5      | Reached skill level 8 in Ice Magic
  5020 | D:5      | You fall into a shaft and drop 1 floor!
  5036 | D:6      | Reached skill level 5 in Dodging
  5070 | D:6      | Noticed Eustachio
  5088 | D:6      | Killed Eustachio
  5493 | D:6      | Reached skill level 5 in Stealth
  5641 | D:6      | Reached XP level 9. HP: 65/65 MP: 15/15
  6386 | D:7      | Found Kuolaush's Armour Boutique.
  6388 | D:7      | Found a runed translucent door.
  6396 | D:7      | Reached skill level 9 in Ice Magic
  6715 | D:7      | Found a basalt altar of Yredelemnul.
  6938 | D:7      | Found a staircase to the Ecumenical Temple.
  6954 | Temple   | Entered the Ecumenical Temple
  7061 | Temple   | Became a worshipper of Kikubaaqudgha
  7072 | D:7      | Found a blossoming altar of Fedhas.
  7073 | D:7      | Found a white marble altar of Elyvilon.
  7073 | D:7      | Found a burning altar of Makhleb.
  7077 | D:7      | Found an opulent altar of Gozag.
  7077 | D:7      | Found a broken altar of Ashenzari.
  7078 | D:7      | Found a bloodstained altar of Trog.
  7249 | D:7      | Found a glowing silver altar of Zin.
  7540 | D:7      | Reached skill level 5 in Fighting
  7633 | D:7      | Found a huge runed translucent gate.
  7634 | D:7      | Found a huge runed translucent gate.
  7635 | D:7      | Found a huge runed translucent gate.
  7635 | D:7      | Noticed a polar bear
  7635 | D:7      | Noticed a polar bear
  7639 | D:7      | Found a huge runed translucent gate.
  7640 | D:7      | Noticed a death yak
  7646 | D:7      | Reached * piety under Kikubaaqudgha
  7646 | D:7      | Received a gift from Kikubaaqudgha
  7710 | D:7      | Found a large runed translucent door.
  7716 | D:7      | Learned a level 4 spell: Anguish
  7716 | D:7      | Found a large runed translucent door.
  7836 | D:7      | Noticed a hornet
  7842 | D:7      | Killed a hornet
  7920 | D:7      | Reached skill level 1 in Hexes
  8121 | D:8      | Reached XP level 10. HP: 72/74 MP: 10/17
  8211 | D:8      | Reached skill level 1 in Necromancy
  8211 | D:8      | Reached skill level 10 in Ice Magic
  8257 | D:8      | Reached skill level 5 in Spellcasting
  8408 | D:8      | Found a shimmering blue altar of Sif Muna.
  8594 | D:8      | Found a flagged portal.
  8599 | Bailey   | Entered a bailey
  9005 | Bailey   | Reached ** piety under Kikubaaqudgha
  9801 | D:8      | Found a staircase to the Lair.
 10167 | Lair:1   | Entered Level 1 of the Lair of Beasts
 10170 | Lair:1   | Noticed a cane toad
 10181 | Lair:1   | Killed a cane toad
 10268 | Lair:1   | Noticed a cane toad
 10274 | Lair:1   | Killed a cane toad
 10309 | Lair:1   | Noticed a cane toad
 10331 | Lair:1   | Noticed a cane toad
 10359 | Lair:1   | Slain by a polar bear

Illustrated notes

Levels and vault maps discovered:
D:1:      onia_arrival_mini_spirals, layout_basic,
          shapermc_ecumenical_altar_notcrosses
D:2:      layout_loops_cross, serial_forest, infiniplex_forest_clump_tiny,
          infiniplex_forest_lined_ring, infiniplex_forest_lined_room_2,
          infiniplex_forest_split, infiniplex_forest_clump_medium,
          infiniplex_forest_fountain, infiniplex_forest_end_3
D:3:      layout_basic, serial_shops, nicolae_shop_statue_plus
D:4:      layout_rooms, nicolae_qazlal_scattered_showers, grunt_decor_arrowhead
D:5:      layout_layer_cave, minmay_liquid_box
D:6:      layout_basic, uniq_eustachio
D:7:      lemuel_bear_cage, layout_basic, zin_statuary, dk_yredelemnul_ordeal,
          grunt_temple_overflow_open, jmf_multi_god_temple2,
          minmay_temple_entry_overgrown, serial_shops, nicolae_diamond_shop
D:8:      layout_gridville, mainiacjoe_overflow_24_doors, lair_entry_dummy,
          enter_bailey_3, special_room [special_room_orc]
Temple:   eino_temple_lava
Lair:1:   layout_regular_city, nicolae_lair_liquid_snakes, grunt_megastairs_3,
          serial_bayou_shore_a, uniq_amaemon, uniq_maggie

Skill      XL: |  1  2  3  4  5  6  7  8  9 10 |
---------------+-------------------------------+-----
Ice Magic      | 5 6 7 8 9 10 | 10.9
Fighting       | 1 2 3 4 5 6 |  6.2
Dodging        | 3 4 5 7 8 |  8.0
Shields        | 1 2 3 4 |  4.0
Stealth        | 3 4 5 6 7 |  7.3
Spellcasting   | 3 4 5 |  5.5
Hexes          | 1 3 |  3.1
Necromancy     | 3 |  3.2
Short Blades   | |  0.8

Action                   |  1- 3 |  4- 6 |  7- 9 | 10-12 || total
-------------------------+-------+-------+-------+-------++-------
Melee: Dagger            |     5 |    32 |   186 |    90 ||   313
       Unarmed           |     1 |       |       |       ||     1
       Spear             |    52 |       |       |       ||    52
       Punch             |     1 |       |       |       ||     1
       Tailslap          |       |       |       |     7 ||     7
 Cast: Freeze            |    20 |     1 |     1 |    13 ||    35
       Frozen Ramparts   |     9 |     6 |    27 |    20 ||    62
       Ozocubu's Armour  |       |     2 |    13 |    14 ||    29
       Hailstorm         |       |       |     3 |     6 ||     9
Evoke: Wand              |       |       |       |     1 ||     1
  Use: Scroll            |       |    13 |     8 |     4 ||    25
       Potion            |       |     1 |     1 |       ||     2
 Stab: Sleeping          |     5 |     2 |     6 |       ||    13
Armor: Robe              |    12 |     9 |    25 |       ||    46
       Leather armour    |       |       |    69 |    52 ||   121
Dodge: Dodged            |    44 |    15 |   128 |    94 ||   281
Block: Buckler           |       |     6 |    51 |    39 ||    96
